 Dungeon Crawl Stone Soup version 0.30-a0-364-gf6b3ef1049 (webtiles) character file.

Game seed: 5159468281820129515

851 bande the Covered (level 8, -2/48 HPs)
             Began as a Gargoyle Fighter on Nov 15, 2022.
             Was a Follower of Okawaru.
             Slain by Maggie
             ... wielding a +2 long sword of flaming
              (7 damage)
             ... on level 6 of the Dungeon.
             The game lasted 00:06:34 (5605 turns).

bande the Covered (Gargoyle Fighter)                Turns: 5605, Time: 00:06:34

Health: -2/48      AC: 15    Str: 19    XL:     8   Next: 1%
Magic:  9/9        EV:  7    Int: 10    God:    Okawaru [*.....]
Gold:   343        SH:  5    Dex: 11    Spells: 7/7 levels left

rFire   . . .      SeeInvis .    a - +0 war axe
rCold   . . .      Faith    .    c - +0 buckler
rNeg    + . .      Spirit   .    h - +0 chain mail
rPois   ∞          Reflect  .    (no helmet)
rElec   +          Harm     .    (no cloak)
rCorr   .          Rampage  .    (no gloves)
Will    .....                    (no boots)
Stlth   ..........               (no amulet)
HPRegen 0.28/turn                e - ring of flight
MPRegen 0.11/turn                (no ring)

@: flying, mesmerised
A: sickness immunity, AC +5, negative energy resistance 1, electricity
resistance, torment resistance 1, petrification resistance
a: Renounce Religion, Heroism


You were on level 6 of the Dungeon.
You worshipped Okawaru.
Okawaru was aware of your devotion.
You visited 2 branches of the dungeon, and saw 7 of its levels.

You collected 353 gold pieces.
You spent 10 gold pieces at shops.

Inventory:

Hand Weapons
 a - a +0 war axe (weapon)
 x - the +1 mace of Wu Jian's Delight {venom, rF+ Dex+3}
   (You found it on level 5 of the Dungeon)

   It poisons the flesh of those it strikes.
   Dex:       It affects your dexterity (+3).
   rF:        It protects you from fire.
Missiles
 v - a throwing net (quivered)
Armour
 c - a +0 buckler (worn)
 h - a +0 chain mail (worn)
Jewellery
 e - a ring of flight (left hand)
Wands
 u - a wand of flame (36)
Scrolls
 b - a scroll of magic mapping {unknown}
 f - 3 scrolls of vulnerability {unknown}
 g - a scroll of poison {unknown}
 i - 4 scrolls of identify {unknown}
 k - a scroll of enchant weapon {unknown}
 l - 3 scrolls of noise {unknown}
 m - 3 scrolls of teleportation {unknown}
 o - 2 scrolls of immolation {unknown}
 r - a scroll of blinking {unknown}
 s - a scroll of fear {unknown}
 t - a scroll of amnesia {unknown}
 y - a scroll of acquirement {unknown}
Potions
 d - 2 potions of might
 j - 3 potions of attraction {unknown}
 n - 3 potions of flight {unknown}
 p - a potion of heal wounds {unknown}
 q - 2 potions of mutation {unknown}
 w - a potion of haste {unknown}


   Skills:
 + Level 4.6 Fighting
 + Level 5.1 Axes
 + Level 5.7 Armour
 + Level 4.5 Shields
 * Level 2.1 Invocations
 * Level 1.8 Evocations


You had 7 spell levels left.
You didn't know any spells.
Your spell library contained the following spells:

 Spells                   Type           Power      Damage    Failure   Level
 Gell's Gravitas          Tloc           0%         N/A       100%        3
 Teleport Other           Tloc           0%         N/A       100%        3
 Dispersal                Tloc           0%         N/A       100%        6


Dungeon Overview and Level Annotations

Branches:
Dungeon (6/15)             Temple (1/1) D:5

Altars:
Ashenzari
Hepliaklqana
Okawaru
Qazlal
Sif Muna
Trog
Vehumet
Zin

Shops:
D:1 ?!   D:4 :

Annotations:
D:6 Maggie


Innate Abilities, Weirdness & Mutations

You are immune to sickness and miasma.
Your stone body is resilient. (AC +5)
You are immune to poison.
You resist negative energy. (rN+)
You are resistant to electric shocks. (rElec)
You are resistant to unholy torment.
You are immune to petrification.


Message History

The iguana bites you.
You barely miss the iguana.
The iguana is heavily wounded.
The iguana barely misses you.
You hit the iguana but do no damage.
The iguana is heavily wounded.
You barely miss Maggie.
The iguana bites you but does no damage.
Maggie casts a spell.
Maggie attempts to bespell you!
You are mesmerised by Maggie!
You hit Maggie.
Maggie is lightly wounded.
You hit the iguana.
Maggie hits you with a +2 long sword of flaming!
Maggie burns you.
The iguana bites you but does no damage.
You block the iguana's attack.
Maggie casts a spell.
Maggie draws you further into her thrall.
You hear a shout!
You closely miss Maggie.
Maggie is lightly wounded.
You hit the iguana but do no damage.
The iguana bites you but does no damage.
Maggie says, "Leave now, and tell all of Margery's mercy!"
Maggie barely misses you.
An orc wizard comes into view. It is wielding a +0 dagger.
You barely miss Maggie.
Maggie is lightly wounded.
You hit the iguana. The iguana bites you. Maggie closely misses you.
Unknown command.
You hit Maggie but do no damage.
Maggie is lightly wounded.
You hit the iguana but do no damage.
Maggie hits you with a +2 long sword of flaming.
Maggie burns you. The iguana bites you! x2
* * * LOW HITPOINT WARNING * * *
Maggie hits you with a +2 long sword of flaming!
You die...

#............#
......##..........
.....)<......#
###.####........
...#..#.#.....
#..#.#.........
...#..###....###
#.............. ......#
.(.....###...##.##......
.......
.......#....##......)..#
..####..
.......##.#####........#
.. ...........@.#
....##.... ..
#.........@#..# ..##.
.... ........l##.## ..##
.. .#. ........# ... #.
.. ...... .... .....
..... ..... S.....# ....
...## ...#


You could see Maggie (mesmerising) and an iguana.

Vanquished Creatures
  2 ice beasts
  2 black bears (D:5)
  An ogre (D:4)
  A phantom (D:6)
  A scorpion (D:3)
  A hound (D:4)
  2 iguanas
  2 orc wizards (D:5)
  2 adders
  A shadow imp (D:5)
  A white imp (D:5)
  An ufetubus (D:5)
  A worm (D:4)
  13 orcs
  10 bats
  4 endoplasms
  3 giant cockroaches
  10 goblins
  6 hobgoblins
  3 jackals (D:4)
  5 kobolds
  A quokka (D:1)
  9 ball pythons
  9 frilled lizards
  4 rats
95 creatures vanquished.

Vanquished Creatures (others)
  A plant (D:1)
1 creature vanquished.

Grand Total: 96 creatures vanquished

Notes
Turn   | Place    | Note
-------+----------+-------------------------------------------
     0 | D:1      | bande the Gargoyle Fighter began the quest for the Orb.
     0 | D:1      | Reached XP level 1. HP: 14/14 MP: 1/1
   166 | D:1      | Reached XP level 2. HP: 19/19 MP: 2/2
   279 | D:1      | Found Kirgheh's Distillery.
   284 | D:1      | Bought a potion of degeneration for 10 gold pieces
   624 | D:1      | Found Mitsue's Magic Scroll Shoppe.
   870 | D:2      | Reached XP level 3. HP: 20/23 MP: 3/3
  1258 | D:2      | Found a radiant altar of Vehumet.
  2043 | D:3      | Found a bloodstained altar of Trog.
  2046 | D:3      | Found a hazy altar of Hepliaklqana.
  2319 | D:4      | Noticed a scorpion
  2326 | D:3      | Killed a scorpion
  2327 | D:3      | Reached XP level 4. HP: 27/29 MP: 4/4
  2327 | D:3      | Reached XP level 5. HP: 31/33 MP: 5/5
  2352 | D:4      | Noticed an ogre
  2360 | D:4      | Killed an ogre
  2763 | D:4      | Reached XP level 6. HP: 31/38 MP: 6/6
  2907 | D:4      | Found a broken altar of Ashenzari.
  3029 | D:4      | Reached skill level 5 in Armour
  3235 | D:4      | Found Guir's Tremendous Tomes.
  3383 | D:5      | Entered Level 5 of the Dungeon
  3583 | D:5      | Noticed a black bear
  3596 | D:5      | Killed a black bear
  4027 | D:5      | Identified the +1 mace of Wu Jian's Delight {venom, rF+
                  | Dex+3}
  4104 | D:5      | Found a staircase to the Ecumenical Temple.
  4109 | Temple   | Entered the Ecumenical Temple
  4115 | Temple   | Became a worshipper of Warmaster Okawaru
  4284 | D:5      | Reached XP level 7. HP: 28/43 MP: 7/7
  4504 | D:5      | Reached skill level 1 in Invocations
  4504 | D:5      | Reached skill level 1 in Evocations
  4565 | D:5      | Found a shimmering blue altar of Sif Muna.
  4978 | D:5      | Found a stormy altar of Qazlal.
  4978 | D:5      | Found a glowing silver altar of Zin.
  5409 | D:6      | Reached skill level 5 in Axes
  5419 | D:6      | Reached * piety under Okawaru
  5420 | D:6      | Reached XP level 8. HP: 34/48 MP: 9/9
  5595 | D:6      | Noticed Maggie
  5605 | D:6      | Slain by Maggie

Illustrated notes

Levels and vault maps discovered:
D:1:      mrwooster_arrival_arrow, layout_loops_ring, serial_shops,
          shop_scrolls, shop_statue, minmay_stone_trees_large,
          roderic_lattice_a, minmay_misc_feat_tiny, serial_bayou_pond_a
D:2:      layout_basic, basic_altar, kennysheep_generic_room_2
D:3:      layout_basic, minitemple
D:4:      layout_basic, cheibrodos_ashenzari_chains, serial_glass,
          glass_columns_c, glass_columns_a, nicolae_shop_i_like_big_books,
          minmay_misc_feat_hallway
D:5:      layout_loops_corners, kennysheep_orc_sif_temple,
          gammafunk_temple_overflow_elements, temple_statues
D:6:      layout_cave_pools, nicolae_shop_sticking_my_neck_out, uniq_maggie,
          uniq_crazy_yiuf_cottage
Temple:   dshaligram_water_room_temple

Skill      XL: |  1  2  3  4  5  6  7 |
---------------+----------------------+-----
Axes           | 2 3 4 5 |  5.1
Armour         | 4 5 |  5.7
Fighting       | 4 |  4.6
Shields        | 4 |  4.5
Invocations    | 2 |  2.1
Evocations     | 1 |  1.8

Action                   |  1- 3 |  4- 6 |  7- 9 || total
-------------------------+-------+-------+-------++-------
Melee: War axe           |   143 |   129 |    76 ||   348
Armor: Scale mail        |     5 |       |       ||     5
       Chain mail        |   102 |    86 |    71 ||   259
Dodge: Dodged            |    56 |    47 |    31 ||   134
Block: Buckler           |    36 |    31 |    18 ||    85

Table legend: (Time is in decaauts)
 A = Elapsed time spent in this place.
 B = Non-inter-level travel time spent in this place.
 C = Inter-level travel time spent in this place.
 D = Time resting spent in this place.
 E = Time spent auto-exploring this place.
 F = Levels seen in this place.
 G = Mean time per level.
                   A        B        C        D        E       F      G
               +--------+--------+--------+--------+--------+-----+--------+
         Total |   5734 |   5594 |    140 |   1342 |   3302 |   7 |  819.1 |
       Dungeon |   5721 |   5581 |    140 |   1342 |   3302 |   6 |  953.5 |
        Temple |     12 |     12 |      0 |      0 |      0 |   1 |   12.0 |
               +--------+--------+--------+--------+--------+-----+--------+

Top non-repeatable levels by time:
     D:5: 1915 daAuts
     D:4: 1076 daAuts
     D:2: 1061 daAuts
     D:1: 741 daAuts
     D:3: 590 daAuts
     D:6: 336 daAuts
  Temple: 12 daAuts
